 Seeded DCSS version 0.30-a0-250-g41c1d76940 (webtiles) character file.

Game seed: 13467225841375002083 (custom seed)

39 Iusername the Trooper (level 3, -3/33 HPs)
             Began as a Minotaur Fighter on Oct 12, 2022.
             Slain by Sigmund
             ... wielding a +0 scythe
              (5 damage)
             ... on level 2 of the Dungeon.
             The game lasted 00:01:04 (1006 turns).

Iusername the Trooper (Minotaur Fighter)            Turns: 1006, Time: 00:01:05

Health: -3/33      AC: 11    Str: 28    XL:     3   Next: 28%
Magic:  2/2        EV:  9    Int:  5    God:
Gold:   41         SH:  0    Dex:  9    Spells: 2/2 levels left

rFire   . . .      SeeInvis .    a - +0 trident
rCold   x . .      Faith    .    c - +0 buckler
rNeg    . . .      Spirit   .    b - +0 scale mail
rPois   .          Reflect  .    (helmet restricted)
rElec   .          Harm     .    (no cloak)
rCorr   .          Rampage  .    (no gloves)
Will    .....                    e - +3 pair of boots of Hegrileq {rC- Str+6}
Stlth   ..........               (no amulet)
HPRegen 0.25/turn                (no ring)
MPRegen 0.08/turn                (no ring)

@: confused, attractive
A: horns 2, retaliatory headbutt
a: no special abilities


You were on level 2 of the Dungeon.
You visited 1 branch of the dungeon, and saw 2 of its levels.

You collected 41 gold pieces.

Inventory:

Hand Weapons
 a - a +0 trident (weapon)
Armour
 b - a +0 scale mail (worn)
 c - a +0 buckler (worn)
 e - the +3 pair of boots of Hegrileq (worn) {rC- Str+6}
   (You acquired it on level 1 of the Dungeon)

   Str:       It affects your strength (+6).
   rC:        It makes you vulnerable to cold.
Scrolls
 f - 4 scrolls of identify {unknown}
 j - a scroll of teleportation {unknown}
Potions
 d - a potion of might
 g - a potion of ambrosia {unknown}
 k - a potion of curing {unknown}


   Skills:
 + Level 4.1 Fighting
 + Level 3.0 Polearms
 + Level 4.1 Armour
 + Level 4.1 Shields


You had 2 spell levels left.
You didn't know any spells.
Your spell library contained the following spells:

 Spells                   Type           Power      Damage    Failure   Level
 Blink                    Tloc           0%         N/A       92%         2
 Momentum Strike          Conj/Tloc      0%         3d8       92%         2
 Lesser Beckoning         Tloc           0%         N/A       99%         3


Dungeon Overview and Level Annotations

Branches:
Dungeon (2/15)

Altars:
Cheibriados

Annotations:
D:2 Sigmund


Innate Abilities, Weirdness & Mutations

You have a pair of horns on your head.
You reflexively headbutt those who attack you in melee.


Message History

There is a strange disturbance nearby!
No target in view!
There is a strange disturbance nearby!
There is a strange disturbance nearby!
No target in view!
There is a strange disturbance nearby!
Something hits you.
You see here 4 stones.
You puncture something! Something hits you but does no damage.
You closely miss something. Something hits you.
You barely miss something. Your headbutt misses something.
You barely miss something. Your headbutt misses something. Something hits you!
You miss something. Something hits you but does no damage.
You barely miss something. Something hits you but does no damage.
You barely miss something. Something hits you!
* * * LOW HITPOINT WARNING * * *
You hit something but do no damage. You closely miss something.
You hear some strange, mumbled words.
Something tries to affect you, but you resist.
Something hits you but does no damage.
You miss something. You barely miss something.
Something hits you but does no damage.
You closely miss something. Your headbutt misses something.
You hear some strange, mumbled words.
You are confused.
You bump into the rock wall.
Something hits you but does no damage.
You puncture something!
You hear some strange, mumbled words.
A magic dart appears from out of thin air!
The magic dart hits you!
* * * LOW HITPOINT WARNING * * *
You're too confused to move!
Something hits you but does no damage.
Unknown command.
It was a potion of attraction.
You feel attractive to monsters.
It was a potion of mutation.
You feel extremely strange.
Your thoughts seem clearer.
Your thinking seems confused.
Something hits you.
You die...

. .#.###.#
.#### .. .
#...# #
#.#.#.#.#
#..#.#.#####.#
#....#.......#
#.........####
#......####
#......######
#.#......@{..#
.........####.#
.........#
###..##### .[..
#.. #.


There were no monsters in sight!

Vanquished Creatures
  2 adders (D:2)
  2 dart slugs
  4 bats
  A giant cockroach (D:2)
  2 goblins
  A hobgoblin (D:1)
  A quokka (D:2)
  2 ball pythons (D:1)
  A frilled lizard (D:1)
  A kobold (D:2)
  A rat (D:1)
18 creatures vanquished.

Notes
Turn   | Place    | Note
-------+----------+-------------------------------------------
     0 | D:1      | Iusername the Minotaur Fighter began the quest for the Orb.
     0 | D:1      | Reached XP level 1. HP: 19/19 MP: 0/0
   744 | D:1      | Reached XP level 2. HP: 21/27 MP: 1/1
   875 | D:1      | Identified a scroll of acquirement
   875 | D:1      | Acquired the +3 pair of boots of Hegrileq {rC- Str+6}
   922 | D:2      | Reached XP level 3. HP: 33/33 MP: 2/2
   926 | D:2      | Found a snail-covered altar of Cheibriados.
   986 | D:2      | Noticed Sigmund
  1003 | D:2      | HP: 1/33 [something/magic dart (7)]
  1006 | D:2      | Gained mutation: You possess an exceptional clarity of
                  | mind. [potion of mutation]
  1006 | D:2      | Lost mutation: You possess an exceptional clarity of mind.
                  | [potion of mutation]
  1006 | D:2      | Slain by Sigmund

Illustrated notes

Levels and vault maps discovered:
D:1:      heliophobic_arrival_dark_side_of_the_moon, layout_loops_corners
D:2:      layout_loops_ring, basic_altar, grunt_ministairs_3, uniq_sigmund,
          uniq_jessica, uniq_terence

Skill      XL: |  1  2 |
---------------+-------+-----
Fighting       | 4 |  4.1
Armour         | 4 |  4.1
Shields        | 4 |  4.1
Polearms       | 3 |  3.0

Action                   || total
-------------------------++-------
Melee: Trident           ||    50
       Headbutt          ||     4
  Use: Scroll            ||     1
       Potion            ||     2
Armor: Scale mail        ||    14
Dodge: Dodged            ||    14
Block: Buckler           ||     9

Table legend: (Time is in decaauts)
 A = Elapsed time spent in this place.
 B = Non-inter-level travel time spent in this place.
 C = Inter-level travel time spent in this place.
 D = Time resting spent in this place.
 E = Time spent auto-exploring this place.
 F = Levels seen in this place.
 G = Mean time per level.
                   A        B        C        D        E       F      G
               +--------+--------+--------+--------+--------+-----+--------+
         Total |   1015 |    997 |     18 |      0 |    872 |   2 |  507.5 |
       Dungeon |   1015 |    997 |     18 |      0 |    872 |   2 |  507.5 |
               +--------+--------+--------+--------+--------+-----+--------+

Top non-repeatable levels by time:
     D:1: 905 daAuts
     D:2: 110 daAuts
